| TOP OF THE 1ST |
|
Boise Hawks batting - Pitching for Brooklyn Cyclones : RHP Sandro Fibonacci
|
|
Pitching: RHP Sandro Fibonacci
|
|
|
Batting: SHB Rich McDonald
|
0-0: Ball 1-0: Ball 2-0: Ball 3-0: Called Strike 3-1: Called Strike 3-2: Base on Balls
|
|
Batting: RHB Seisaburo Edagawa
|
0-0: Ball Rich McDonald steals 2nd base (no throw) 1-0: Ball 2-0: Ball Wild Pitch! Rich McDonald to third 3-0: Base on Balls
|
|
Batting: SHB Ken Griffey IV
|
0-0: Ball 1-0: Called Strike 1-1: Ball Seisaburo Edagawa steals 2nd base 2-1: Fly out, F9 (Flyball, 9D, EV 87.5 MPH) Runner from 3rd tags up, SCORES, no throw by RF
|
|
Batting: RHB Andy Rayer
|
0-0: Called Strike 0-1: Ball 1-1: Swinging Strike 1-2: Fly out, F9 (Flyball, 9, EV 88.1 MPH)
|
|
Batting: RHB Justin Garrett
|
0-0: Called Strike 0-1: Ball 1-1: Called Strike 1-2: Ball 2-2: Ball 3-2: Ground out 3-1 (Groundball, 34, EV 90.6 MPH)
|
| Top of the 1st over - 1 run, 0 hits, 0 errors, 1 left on base; Boise 1 - Brooklyn 0 |
| BOTTOM OF THE 1ST |
|
Brooklyn Cyclones batting - Pitching for Boise Hawks : RHP Ricky de la Rosa
|
|
Pitching: RHP Ricky de la Rosa
|
|
|
Batting: LHB Matt Baker
|
0-0: Ball 1-0: Ground out 1-3 (Groundball, 15S, EV 61.9 MPH)
|
|
Batting: LHB Elmo Dreier
|
0-0: Ball 1-0: Called Strike 1-1: Ground out 4-3 (Groundball, 4S, EV 83.1 MPH)
|
|
Batting: RHB Bill Crogan
|
0-0: Called Strike 0-1: Ball 1-1: Ball 2-1: SINGLE (Groundball, 6MD, EV 105.6 MPH)
|
|
Batting: RHB Rich Cracchiolo
|
0-0: Ball 1-0: Foul Ball, location: 2F 1-1: Foul Ball, location: 2F 1-2: SINGLE (Groundball, 4MD, EV 100.0 MPH) Bill Crogan to second
|
|
Batting: RHB Prabhukumar Santhanakrishnan
|
0-0: Ball 1-0: Ball 2-0: Fly out, F7 (Flyball, 78D, EV 101.2 MPH)
|
| Bottom of the 1st over - 0 runs, 2 hits, 0 errors, 2 left on base; Boise 1 - Brooklyn 0 |
| TOP OF THE 2ND |
|
Boise Hawks batting - Pitching for Brooklyn Cyclones : RHP Sandro Fibonacci
|
|
Batting: LHB Jerry Santana
|
0-0: Ball 1-0: Foul Ball, location: 2F 1-1: Ball 2-1: DOUBLE (Flyball, 78D, EV 95.6 MPH)
|
|
Batting: RHB Keith Giarratano
|
0-0: Ball 1-0: Swinging Strike 1-1: Swinging Strike 1-2: Ground out U3 (Groundball, 34S, EV 88.8 MPH) Jerry Santana to third
|
|
Batting: SHB Clayton Saunders
|
0-0: Ground out 3-1 (Groundball, 34, EV 82.5 MPH) Jerry Santana scores
|
|
Batting: RHB Bob Hayes
|
0-0: Ball 1-0: Ball 2-0: Ball 3-0: Base on Balls
|
|
Batting: SHB Rich McDonald
|
0-0: Ball 1-0: Ball 2-0: SINGLE (Groundball, 4D, EV 101.9 MPH) Bob Hayes to second Runner from 2nd tries for 3rd, SAFE, throw by CF made at trailing runner, OUT! 8-6
|
| Top of the 2nd over - 1 run, 2 hits, 0 errors, 1 left on base; Boise 2 - Brooklyn 0 |
| BOTTOM OF THE 2ND |
|
Brooklyn Cyclones batting - Pitching for Boise Hawks : RHP Ricky de la Rosa
|
|
Batting: RHB Matt Tittle
|
0-0: Ball 1-0: Ball 2-0: Foul Ball, location: 2F 2-1: Called Strike 2-2: DOUBLE (Line Drive, 5D, EV 96.9 MPH)
|
|
Batting: RHB Victor Reyes
|
0-0: Ball 1-0: Ball Wild Pitch! Matt Tittle to third 2-0: Ball 3-0: Called Strike 3-1: Foul Ball, location: 2F 3-2: Base on Balls
|
|
Batting: RHB Chris Pynn
|
0-0: Ball 1-0: Fly out, F7 (Flyball, 78XD, EV 93.1 MPH) Runner from 3rd tags up, SCORES, no throw by LF
|
|
Batting: SHB Duri Chilemba
|
0-0: Called Strike 0-1: Ball 1-1: Called Strike Victor Reyes steals 2nd base 1-2: Ball 2-2: Foul Ball, location: 2F 2-2: Strikes out swinging
|
|
Batting: LHB Matt Baker
|
0-0: Fly out, F8 (Flyball, 8RD, EV 104.4 MPH)
|
| Bottom of the 2nd over - 1 run, 1 hit, 0 errors, 1 left on base; Boise 2 - Brooklyn 1 |
| TOP OF THE 3RD |
|
Boise Hawks batting - Pitching for Brooklyn Cyclones : RHP Sandro Fibonacci
|
|
Batting: RHB Seisaburo Edagawa
|
0-0: Called Strike 0-1: Foul Ball, location: 2F 0-2: TRIPLE (Line Drive, 89XD, EV 101.2 MPH)
|
|
Batting: SHB Ken Griffey IV
|
0-0: Called Strike 0-1: Ball 1-1: Ball 2-1: Ball 3-1: Base on Balls
|
|
Batting: RHB Andy Rayer
|
0-0: Called Strike Ken Griffey IV steals 2nd, throwing error, E2 Seisaburo Edagawa scores Ken Griffey IV to third 0-1: Ball 1-1: Ground out 4-3 (Groundball, 4D, EV 91.9 MPH) Ken Griffey IV scores
|
|
Batting: RHB Justin Garrett
|
0-0: Called Strike 0-1: Ball 1-1: Called Strike 1-2: Foul Ball, location: 2F 1-2: Ball 2-2: Strikes out swinging
|
|
Batting: LHB Jerry Santana
|
0-0: Called Strike 0-1: Ball 1-1: Called Strike 1-2: Foul Ball, location: 2F 1-2: Ball 2-2: Foul Ball, location: 2F 2-2: Ball 3-2: Base on Balls
|
|
Batting: RHB Keith Giarratano
|
Balk! Jerry Santana to second 0-0: Foul Ball, location: 2F 0-1: Ball 1-1: Called Strike 1-2: Ball 2-2: Ball 3-2: Ground out 5-3 (Groundball, 56S, EV 83.8 MPH)
|
| Top of the 3rd over - 2 runs, 1 hit, 1 error, 1 left on base; Boise 4 - Brooklyn 1 |
| BOTTOM OF THE 3RD |
|
Brooklyn Cyclones batting - Pitching for Boise Hawks : RHP Ricky de la Rosa
|
|
Batting: LHB Elmo Dreier
|
0-0: Ground out 4-3 (Groundball, 4, EV 83.1 MPH)
|
|
Batting: RHB Bill Crogan
|
0-0: Called Strike 0-1: Ball 1-1: SINGLE (Line Drive, 56, EV 95.6 MPH)
|
|
Batting: RHB Rich Cracchiolo
|
0-0: Ball 1-0: SINGLE (Groundball, 56, EV 105.6 MPH) Bill Crogan to second
|
|
Batting: RHB Prabhukumar Santhanakrishnan
|
0-0: Called Strike 0-1: Called Strike 0-2: Foul Ball, location: 2F 0-2: Strikes out looking
|
|
Batting: RHB Matt Tittle
|
0-0: Foul Ball, location: 2F 0-1: Ball 1-1: Called Strike 1-2: Strikes out swinging
|
| Bottom of the 3rd over - 0 runs, 2 hits, 0 errors, 2 left on base; Boise 4 - Brooklyn 1 |
| TOP OF THE 4TH |
|
Boise Hawks batting - Pitching for Brooklyn Cyclones : RHP Sandro Fibonacci
|
|
Batting: SHB Clayton Saunders
|
0-0: Foul Ball, location: 2F 0-1: Ball 1-1: Foul Ball, location: 2F 1-2: Strikes out swinging
|
|
Batting: RHB Bob Hayes
|
0-0: Foul Ball, location: 2F 0-1: Ball 1-1: Ball 2-1: Foul Ball, location: 2F 2-2: Ground out 4-3 (Groundball, 4S, EV 78.1 MPH)
|
|
Pitching: RHP John Stepanian
|
|
|
Batting: SHB Rich McDonald
|
0-0: Ball 1-0: Foul Ball, location: 2F 1-1: Ball 2-1: Foul Ball, location: 2F 2-2: Foul Ball, location: 2F 2-2: Ground out 4-3 (Groundball, 4, EV 78.8 MPH)
|
| Top of the 4th over - 0 runs, 0 hits, 0 errors, 0 left on base; Boise 4 - Brooklyn 1 |
| BOTTOM OF THE 4TH |
|
Brooklyn Cyclones batting - Pitching for Boise Hawks : RHP Ricky de la Rosa
|
|
Batting: RHB Victor Reyes
|
0-0: Ball 1-0: Ball 2-0: Foul Ball, location: 2F 2-1: Ball 3-1: Called Strike 3-2: Foul Ball, location: 2RF, Error on foul ball, E2 3-2: Ground out 5-3 (Groundball, 56S, EV 61.2 MPH)
|
|
Batting: RHB Chris Pynn
|
0-0: Ball 1-0: Ball 2-0: Ball 3-0: Called Strike 3-1: Ground out 6-3 (Groundball, 6MS, EV 73.1 MPH)
|
|
Batting: SHB Duri Chilemba
|
0-0: Called Strike 0-1: Swinging Strike 0-2: Foul Ball, location: 2F 0-2: Ball 1-2: Strikes out swinging
|
| Bottom of the 4th over - 0 runs, 0 hits, 1 error, 0 left on base; Boise 4 - Brooklyn 1 |
| TOP OF THE 5TH |
|
Boise Hawks batting - Pitching for Brooklyn Cyclones : RHP John Stepanian
|
|
Batting: RHB Seisaburo Edagawa
|
0-0: Ground out 4-3 (Groundball, 4, EV 108.8 MPH)
|
|
Batting: SHB Ken Griffey IV
|
0-0: Swinging Strike 0-1: Swinging Strike 0-2: Ball 1-2: Strikes out swinging
|
|
Batting: RHB Andy Rayer
|
0-0: Swinging Strike 0-1: Ground out 5-3 (Groundball, 5, EV 103.1 MPH)
|
| Top of the 5th over - 0 runs, 0 hits, 0 errors, 0 left on base; Boise 4 - Brooklyn 1 |
| BOTTOM OF THE 5TH |
|
Brooklyn Cyclones batting - Pitching for Boise Hawks : RHP Ricky de la Rosa
|
|
Batting: LHB Matt Baker
|
0-0: Ball 1-0: Ball 2-0: Called Strike 2-1: Swinging Strike 2-2: Foul Ball, location: 2F 2-2: Foul Ball, location: 2F 2-2: Strikes out swinging
|
|
Batting: LHB Elmo Dreier
|
0-0: Swinging Strike 0-1: Bunted foul 0-2: Foul Ball, location: 2F 0-2: Fly out, F9 (Flyball, 9, EV 76.9 MPH)
|
|
Batting: RHB Bill Crogan
|
0-0: Ground out 5-3 (Groundball, 5S, EV 83.8 MPH)
|
| Bottom of the 5th over - 0 runs, 0 hits, 0 errors, 0 left on base; Boise 4 - Brooklyn 1 |
| TOP OF THE 6TH |
|
Boise Hawks batting - Pitching for Brooklyn Cyclones : RHP John Stepanian
|
|
Batting: RHB Justin Garrett
|
0-0: Ball 1-0: Foul Ball, location: 2F 1-1: Called Strike 1-2: Strikes out swinging
|
|
Batting: LHB Jerry Santana
|
0-0: Foul Ball, location: 2F 0-1: Foul Ball, location: 2F 0-2: Ball 1-2: Foul Ball, location: 2F 1-2: SINGLE (Groundball, 6MS, EV 70.6 MPH) (infield hit)
|
|
Batting: RHB Keith Giarratano
|
0-0: Ball Jerry Santana steals 2nd base 1-0: Called Strike 1-1: Called Strike 1-2: Ball 2-2: Foul Ball, location: 2F 2-2: Strikes out swinging
|
|
Batting: SHB Clayton Saunders
|
0-0: Intentional Walk
|
|
Batting: RHB Bob Hayes
|
0-0: Ball 1-0: Ball 2-0: Called Strike 2-1: Ball 3-1: Called Strike 3-2: Strikes out swinging
|
| Top of the 6th over - 0 runs, 1 hit, 0 errors, 2 left on base; Boise 4 - Brooklyn 1 |
| BOTTOM OF THE 6TH |
|
Brooklyn Cyclones batting - Pitching for Boise Hawks : RHP Ricky de la Rosa
|
|
Pitching: RHP David Landa
|
|
|
Batting: RHB Rich Cracchiolo
|
0-0: Called Strike 0-1: Called Strike 0-2: Foul Ball, location: 2F 0-2: Ball 1-2: Foul Ball, location: 2F 1-2: Ball 2-2: Foul Ball, location: 2F 2-2: Foul Ball, location: 2F 2-2: Foul Ball, location: 2F 2-2: Ground out 4-3 (Groundball, 4, EV 105.6 MPH)
|
|
Batting: RHB Prabhukumar Santhanakrishnan
|
0-0: Fly out, F9 (Flyball, 9D, EV 97.5 MPH)
|
|
Batting: RHB Matt Tittle
|
0-0: Swinging Strike 0-1: Ball 1-1: Foul Ball, location: 2F 1-2: Ball 2-2: Strikes out swinging
|
| Bottom of the 6th over - 0 runs, 0 hits, 0 errors, 0 left on base; Boise 4 - Brooklyn 1 |
| TOP OF THE 7TH |
|
Boise Hawks batting - Pitching for Brooklyn Cyclones : RHP John Stepanian
|
|
Batting: SHB Rich McDonald
|
0-0: Ground out U3 (Groundball, 34, EV 77.5 MPH)
|
|
Batting: RHB Seisaburo Edagawa
|
0-0: Ground out 5-3 (Groundball, 56, EV 85.0 MPH)
|
|
Batting: SHB Ken Griffey IV
|
0-0: Called Strike 0-1: Swinging Strike 0-2: Ball 1-2: Strikes out swinging
|
| Top of the 7th over - 0 runs, 0 hits, 0 errors, 0 left on base; Boise 4 - Brooklyn 1 |
| BOTTOM OF THE 7TH |
|
Brooklyn Cyclones batting - Pitching for Boise Hawks : RHP David Landa
|
|
Batting: RHB Victor Reyes
|
0-0: Called Strike 0-1: Ball 1-1: Ground out 6-3 (Groundball, 56, EV 83.8 MPH)
|
|
Batting: RHB Chris Pynn
|
0-0: Ground out 6-3 (Groundball, 6, EV 91.9 MPH)
|
|
Batting: SHB Duri Chilemba
|
0-0: Called Strike 0-1: Called Strike 0-2: Ball 1-2: Fly out, F9 (Flyball, 89M, EV 93.1 MPH)
|
| Bottom of the 7th over - 0 runs, 0 hits, 0 errors, 0 left on base; Boise 4 - Brooklyn 1 |
| TOP OF THE 8TH |
|
Boise Hawks batting - Pitching for Brooklyn Cyclones : RHP John Stepanian
|
|
Batting: RHB Andy Rayer
|
0-0: Fly out, F8 (Flyball, 8RXD, EV 111.9 MPH)
|
|
Batting: RHB Justin Garrett
|
0-0: Called Strike 0-1: Ground out 6-3 (Groundball, 56, EV 110.6 MPH)
|
|
Batting: LHB Jerry Santana
|
0-0: Ground out U3 (Groundball, 3, EV 103.1 MPH)
|
| Top of the 8th over - 0 runs, 0 hits, 0 errors, 0 left on base; Boise 4 - Brooklyn 1 |
| BOTTOM OF THE 8TH |
|
Brooklyn Cyclones batting - Pitching for Boise Hawks : RHP David Landa
|
|
Pitching: RHP Gorgonio Sigua
|
|
|
Batting: LHB Matt Baker
|
0-0: Foul Ball, location: 2F 0-1: Fly out, F7 (Flyball, 7, EV 66.9 MPH)
|
|
Batting: LHB Elmo Dreier
|
0-0: Called Strike 0-1: Called Strike 0-2: Ball 1-2: Ball 2-2: Reached on error, E2 (Groundball, 2R, EV 70.0 MPH)
|
|
Batting: RHB Bill Crogan
|
0-0: Ball 1-0: Ground out 4-3 (Groundball, 4, EV 106.9 MPH) Elmo Dreier to third
|
|
Batting: RHB Rich Cracchiolo
|
0-0: Ball 1-0: Ball 2-0: Ball 3-0: Base on Balls
|
|
Batting: RHB Prabhukumar Santhanakrishnan
|
0-0: DOUBLE (Line Drive, 3D, EV 97.5 MPH) Elmo Dreier scores Rich Cracchiolo to third Runner from 3rd tries for Home, SAFE, throw by RF to home
|
|
Batting: RHB Matt Tittle
|
0-0: Foul Ball, location: 2F 0-1: Ball 1-1: SINGLE (Groundball, 3D, EV 97.5 MPH) Prabhukumar Santhanakrishnan to third Runner from 3rd tries for Home, SAFE, throw by RF to home
|
|
Batting: RHB Victor Reyes
|
0-0: Called Strike 0-1: Called Strike 0-2: Fielders Choice at 2nd, 6-4 (Groundball, 6, EV 80.6 MPH)
|
| Bottom of the 8th over - 3 runs, 2 hits, 1 error, 1 left on base; Boise 4 - Brooklyn 4 |
| TOP OF THE 9TH |
|
Boise Hawks batting - Pitching for Brooklyn Cyclones : RHP John Stepanian
|
|
Batting: RHB Keith Giarratano
|
0-0: Called Strike 0-1: Ball 1-1: Ball 2-1: Foul Ball, location: 2F 2-2: Ball 3-2: Base on Balls
|
|
Pitching: LHP Joe Edwards
|
|
|
Batting: SHB Clayton Saunders
|
0-0: Called Strike 0-1: Grounds into double play, 4-6-3 (Groundball, 4, EV 85.0 MPH)
|
|
Batting: RHB Bob Hayes
|
0-0: Ball 1-0: Foul Ball, location: 2F 1-1: Ball 2-1: Foul Ball, location: 2F 2-2: Strikes out looking
|
| Top of the 9th over - 0 runs, 0 hits, 0 errors, 0 left on base; Boise 4 - Brooklyn 4 |
| BOTTOM OF THE 9TH |
|
Brooklyn Cyclones batting - Pitching for Boise Hawks : RHP Gorgonio Sigua
|
|
Pitching: RHP Befikadu Mthuthuzeli
|
|
|
Pinch Hitting: SHB Salvador Gomez
|
0-0: Ball 1-0: Ball 2-0: Called Strike 2-1: Fly out, F9 (Flyball, 89S, EV 83.1 MPH)
|
|
Pinch Hitting: RHB Mike Mathews
|
0-0: Swinging Strike 0-1: Ball 1-1: Called Strike 1-2: Ground out 4-3 (Groundball, 4, EV 82.5 MPH)
|
|
Batting: LHB Matt Baker
|
0-0: Ground out 5-3 (Groundball, 56, EV 87.5 MPH)
|
| Bottom of the 9th over - 0 runs, 0 hits, 0 errors, 0 left on base; Boise 4 - Brooklyn 4 |
| TOP OF THE 10TH |
|
Boise Hawks batting - Pitching for Brooklyn Cyclones : LHP Joe Edwards
|
|
Now at C: Sang-ton Pak
|
|
|
Now at 1B: Salvador Gomez
|
|
|
Now at 3B: Matt Tittle
|
|
|
Batting: SHB Rich McDonald
|
0-0: Called Strike 0-1: Called Strike 0-2: Ball 1-2: Strikes out looking
|
|
Batting: RHB Seisaburo Edagawa
|
0-0: Ball 1-0: Ball 2-0: Foul Ball, location: 2F 2-1: Ground out 3-1 (Groundball, 34S, EV 85.0 MPH)
|
|
Batting: SHB Ken Griffey IV
|
0-0: Ball 1-0: SINGLE (Groundball, 56S, EV 68.8 MPH) (infield hit)
|
|
Batting: RHB Andy Rayer
|
0-0: Ball 1-0: Called Strike Ken Griffey IV is caught stealing 2nd base 2-4
|
| Top of the 10th over - 0 runs, 1 hit, 0 errors, 0 left on base; Boise 4 - Brooklyn 4 |
| BOTTOM OF THE 10TH |
|
Brooklyn Cyclones batting - Pitching for Boise Hawks : RHP Befikadu Mthuthuzeli
|
|
Pitching: RHP Zi-cheng Zhou
|
|
|
Batting: LHB Elmo Dreier
|
0-0: SINGLE (Groundball, 25, EV 66.2 MPH) (infield hit)
|
|
Batting: RHB Bill Crogan
|
0-0: Ball 1-0: Called Strike 1-1: Called Strike 1-2: SINGLE (Line Drive, 5D, EV 100.0 MPH) Elmo Dreier to second
|
|
Batting: RHB Rich Cracchiolo
|
0-0: Foul Ball, location: 2F 0-1: Ball 1-1: Foul Ball, location: 2F 1-2: Foul Ball, location: 2F 1-2: Ball 2-2: Ball 3-2: Fly out, F7 (Line Drive, 78M, EV 91.9 MPH)
|
|
Batting: RHB Prabhukumar Santhanakrishnan
|
0-0: Ball Elmo Dreier steals 3rd base 1-0: Foul Ball, location: 2F 1-1: Called Strike 1-2: Ball 2-2: Ball 3-2: Strikes out looking
|
|
Batting: RHB Matt Tittle
|
0-0: Ball 1-0: Fly out, F7 (Flyball, 7S, EV 82.5 MPH)
|
| Bottom of the 10th over - 0 runs, 2 hits, 0 errors, 2 left on base; Boise 4 - Brooklyn 4 |
| TOP OF THE 11TH |
|
Boise Hawks batting - Pitching for Brooklyn Cyclones : LHP Joe Edwards
|
|
Batting: RHB Andy Rayer
|
0-0: Ground out 5-3 (Groundball, 56S, EV 89.4 MPH)
|
|
Batting: RHB Justin Garrett
|
0-0: Foul Ball, location: 2F 0-1: Fly out, F3 (Popup, 23F, EV 91.9 MPH)
|
|
Batting: LHB Jerry Santana
|
0-0: Ground out 6-3 (Groundball, 6, EV 100.6 MPH)
|
| Top of the 11th over - 0 runs, 0 hits, 0 errors, 0 left on base; Boise 4 - Brooklyn 4 |
| BOTTOM OF THE 11TH |
|
Brooklyn Cyclones batting - Pitching for Boise Hawks : RHP Zi-cheng Zhou
|
|
Batting: RHB Victor Reyes
|
0-0: Ball 1-0: Swinging Strike 1-1: Ball 2-1: Swinging Strike 2-2: Ball 3-2: Ground out U3 (Groundball, 34S, EV 89.4 MPH)
|
|
Batting: SHB Salvador Gomez
|
0-0: Called Strike 0-1: Fly out, F6 (Line Drive, 6, EV 71.2 MPH)
|
|
Batting: RHB Sang-ton Pak
|
0-0: Ball 1-0: Called Strike 1-1: Ball 2-1: Fly out, F8 (Flyball, 8LD, EV 96.9 MPH)
|
| Bottom of the 11th over - 0 runs, 0 hits, 0 errors, 0 left on base; Boise 4 - Brooklyn 4 |
| TOP OF THE 12TH |
|
Boise Hawks batting - Pitching for Brooklyn Cyclones : LHP Joe Edwards
|
|
Batting: RHB Keith Giarratano
|
0-0: Foul Ball, location: 2F 0-1: Ball 1-1: Ball 2-1: Foul Ball, location: 2F 2-2: Strikes out swinging
|
|
Batting: SHB Clayton Saunders
|
0-0: Ball 1-0: Ball 2-0: Foul Ball, location: 2F 2-1: Swinging Strike 2-2: Foul Ball, location: 2F 2-2: Strikes out looking
|
|
Batting: RHB Bob Hayes
|
0-0: Ground out 4-3 (Groundball, 4, EV 84.4 MPH)
|
| Top of the 12th over - 0 runs, 0 hits, 0 errors, 0 left on base; Boise 4 - Brooklyn 4 |
| BOTTOM OF THE 12TH |
|
Brooklyn Cyclones batting - Pitching for Boise Hawks : RHP Zi-cheng Zhou
|
|
Pitching: LHP Ernesto Galindo
|
|
|
Batting: LHB Matt Baker
|
0-0: Ball 1-0: DOUBLE (Groundball, 3L, EV 101.2 MPH)
|
|
Batting: LHB Elmo Dreier
|
0-0: Ball 1-0: Bunted foul 1-1: Sac Bunt to P - play at first, batter OUT! 1-4 Matt Baker to third
|
|
Batting: RHB Bill Crogan
|
0-0: Swinging Strike 0-1: Swinging Strike 0-2: Foul Ball, location: 2F 0-2: Ball 1-2: Foul Ball, location: 2F 1-2: Ball Passed Ball! Matt Baker scores
|
| Bottom of the 12th over - 1 run, 1 hit, 0 errors, 0 left on base; Boise 4 - Brooklyn 5 |
|